 Dungeon Crawl Stone Soup version 0.31-a0-692-gf03d1854d5 (webtiles) character file.

Game seed: 9645180744186891608

11 qw the Shooter (level 2, -2/17 HPs)
             Began as a Gargoyle Hunter on Sept 6, 2023.
             Hit by a goblin thrown by Robin (3 damage)
             ... on level 2 of the Dungeon.
             The game lasted 00:00:09 (536 turns).

qw the Shooter (Gargoyle Hunter)                     Turns: 536, Time: 00:00:10

Health: -2/17      AC:  5    Str: 14    XL:     2   Next: 29%
Magic:  2/2        EV: 11    Int:  9    God:
Gold:   85         SH:  0    Dex: 13    Spells: 1/1 levels left

rFire   . . .        Y - +0 shortbow
rCold   . . .        (shield currently unavailable)
rNeg    + . .        c - +0 leather armour
rPois   inf          (no helmet)
rElec   +            (no cloak)
rCorr   .            (no gloves)
SInv    .            (no boots)
Will    .....        (no amulet)
Stlth   +            (no ring)
HPRegen 0.22/turn    (no ring)
MPRegen 0.08/turn

%: no passive effects
@: about to teleport
A: sickness immunity, AC +2, negative energy resistance 1, electricity
resistance, torment resistance 1, petrification resistance
a: no special abilities


You were on level 2 of the Dungeon.
You visited 1 branch of the dungeon, and saw 2 of its levels.

You collected 85 gold pieces.


Innate Abilities, Weirdness & Mutations

You are immune to sickness and miasma.
Your stone body is resilient. (AC +2)
You are immune to poison.
You resist negative energy. (rN+)
You are resistant to electric shocks. (rElec)
You are resistant to unholy torment.
You are immune to petrification.


   Skills:
 - Level 2.1 Fighting
 + Level 4.5 Ranged Weapons
 - Level 1.5 Dodging
 - Level 1.1 Stealth


You had one spell level left.
You didn't know any spells.
Your spell library was empty.

Inventory:

Hand Weapons
 Y - a +0 shortbow (weapon)
Armour
 c - a +0 leather armour (worn)
Scrolls
 a - a scroll of teleportation
Potions
 d - a potion of heal wounds {unknown}

Dungeon Overview and Level Annotations

Branches:
Dungeon (2/15)

Altars:

Annotations:
D:2 Robin


Message History

You shoot an arrow. The arrow closely misses the hobgoblin.
The arrow closely misses the goblin.
The arrow hits the goblin!
You kill the goblin!
The hobgoblin hits you.
You shoot an arrow. The arrow barely misses the hobgoblin.
The arrow hits the goblin.
The goblin is moderately wounded.
A goblin comes into view. It is wielding a +0 dagger.
The hobgoblin barely misses you.
A goblin comes into view. It is wielding a +0 club.
You shoot an arrow. The arrow closely misses the hobgoblin.
The arrow barely misses the goblin.
The goblin shouts!
The arrow hits Robin but does no damage.
The hobgoblin closely misses you.
You shoot an arrow. The arrow closely misses the hobgoblin.
The arrow closely misses the goblin.
The arrow hits Robin but does no damage.
The hobgoblin hits you.
A hobgoblin comes into view.
Robin's bangles clink loudly.
Robin throws the goblin at you! The hobgoblin barely misses you.
534 |||
Found retreat position at 0,1 (goblin; floor) with 0 blocking monsters and 1 monsters attacking at destination at distance 1 You shoot an arrow.
The arrow barely misses the hobgoblin.
The arrow barely misses the goblin.
The hobgoblin shouts!
The arrow hits Robin but does no damage.
The goblin hits you with a +0 dagger. The hobgoblin hits you.
535 |||
Found retreat position at 0,1 (goblin; floor) with 0 blocking monsters and 1 monsters attacking at destination at distance 1
535 ||| READING 2 scrolls of teleportation.
As you read the scroll of teleportation, it crumbles to dust.
You feel strangely unstable. The goblin hits you with a +0 dagger.
The hobgoblin hits you but does no damage.
536 |||
Found retreat position at 0,1 (goblin; floor) with 0 blocking monsters and 1 monsters attacking at destination at distance 1 You shoot an arrow.
The arrow hits the hobgoblin!
You kill the hobgoblin!
The goblin misses you. Robin throws the goblin at you!
You die...
Robin lets out a smug laugh. ..# ..# .)# #g# .gg

#g# #g# #@#
#g# #.# #.#
#######.#
#.......#
#.#.#######
#.#.# #.#.#


You could see Robin, a hobgoblin and 4 goblins.

Vanquished Creatures
  An endoplasm (D:1)
  A giant cockroach (D:1)
  4 goblins
  3 hobgoblins
  A ball python (D:1)
  A kobold (D:1)
11 creatures vanquished.

Notes
Turn   | Place    | Note
-------+----------+-------------------------------------------
     0 | D:1      | qw the Gargoyle Hunter began the quest for the Orb.
     0 | D:1      | Reached XP level 1. HP: 12/12 MP: 1/1
     0 | D:1      | 0 ||| qw: Version: 0.3-a-76-g4403597
     0 | D:1      | 0 ||| qw: Game counter: 261
     0 | D:1      | 0 ||| qw: Melee chars always use a shield: true
     0 | D:1      | 0 ||| qw: God list: Okawaru
     0 | D:1      | 0 ||| qw: Allow faded altars: false
     0 | D:1      | 0 ||| qw: Do Orc after clearing Dungeon:15 true
     0 | D:1      | 0 ||| qw: Do second Lair branch before Depths: true
     0 | D:1      | 0 ||| qw: Lair rune preference: random
     0 | D:1      | 0 ||| qw: Goals: Normal
     0 | D:1      | 0 ||| PLANNING D:1-11
   389 | D:1      | Reached XP level 2. HP: 17/17 MP: 2/2
   482 | D:1      | 482 ||| READING 3 scrolls labelled XATIOPIGRUTZ.
   486 | D:1      | 486 ||| READING scroll labelled WIBLIG KYOR.
   487 | D:1      | 487 ||| DROPPING scroll of butterflies.
   526 | D:2      | Noticed Robin
   534 | D:2      | HP: 2/17 [hobgoblin[Robin] (4)]
   535 | D:2      | 535 ||| READING 2 scrolls of teleportation.
   536 | D:2      | Hit by a goblin thrown by Robin

Levels and vault maps discovered:
D:1:      dpeg_arrival_radiant, layout_rooms
D:2:      layout_loops_ring, basic_altar, uniq_robin

Action                     || total
---------------------------++-------
   Fire: Shortbow          ||    45
    Use: Scroll            ||     3
 Armour: Leather armour    ||    15
  Dodge: Dodged            ||    11

Table legend:
 A = Non-vault XP
 B = Vault XP
 C = Vault XP percentage of total XP
 D = Non-vault monster count
 E = Vault monster count
 F = Vault count percentage of total count
                 A         B        C        D         E       F
            +---------+---------+-------+---------+---------+-------
      Total |      10 |       9 |  47.4 |       6 |       5 |  45.5
            +---------+---------+-------+---------+---------+-------
        D:1 |      10 |       0 |   0.0 |       6 |       0 |   0.0
        D:2 |       0 |       9 | 100.0 |       0 |       5 | 100.0
            +---------+---------+-------+---------+---------+-------
